 Dungeon Crawl Stone Soup version 0.29-a0-321-gf1c400731a (webtiles) character file.

Game seed: 11552888698692649133

474 zishaf the Sneak (level 7, 0/36 (37) HPs)
             Began as a Vine Stalker Brigand on Apr 4, 2022.
             Slain by a wight
             ... wielding a +0 scimitar
              (11 damage)
             ... on level 4 of the Dungeon.
             The game lasted 00:06:20 (3000 turns).

zishaf the Sneak (Vine Stalker Brigand)             Turns: 3000, Time: 00:06:21

HP:   0/36 (37)     AC:  6    Str: 16    XL:     7   Next: 10%
MP:   0/8           EV: 11    Int: 11    God:
Gold: 153           SH:  0    Dex: 15    Spells: 6/6 levels left

rFire   . . .      SeeInvis .   i - +0 short sword (holy)
rCold   . . .      Faith    .   (no shield)
rNeg    + . .      Spirit   +   w - +2 robe {rN+}
rPois   .          Reflect  .   (no helmet)
rElec   .          Harm     .   c - +1 cloak
rCorr   .          Rampage  .   (no gloves)
Will    .....                   (no boots)
Stlth   ++++......              (no amulet)
HPRegen 0.92/turn               g - ring of flight
MPRegen 0.11/turn               (no ring)

@: flying, lightly drained
A: fangs 2, regeneration 1, magic shield, antimagic bite, no potion heal 2
a: no special abilities


You were on level 4 of the Dungeon.
You visited 1 branch of the dungeon, and saw 4 of its levels.

You collected 153 gold pieces.

Inventory:

Hand Weapons
 a - a +3 dagger of venom
 b - a +0 hunting sling
 i - a +0 short sword of holy wrath (weapon)
 t - a +2 dagger
Missiles
 d - 17 poisoned darts (quivered)
 e - 3 curare-tipped darts
 l - a throwing net
Armour
 c - a +1 cloak (worn)
 w - a +2 robe of positive energy (worn)
Jewellery
 g - a ring of flight (left hand)
Scrolls
 f - a scroll of enchant armour
 n - a scroll of teleportation
 u - a scroll of enchant weapon
Potions
 h - a potion of mutation {unknown}
 j - a potion of invisibility {unknown}
 o - 2 potions of might {unknown}
 p - a potion of resistance {unknown}
 q - a potion of experience {unknown}
 r - 5 potions of curing {unknown}
 x - a potion of haste {unknown}


   Skills:
 - Level 4.0 Fighting
 + Level 4.1 Short Blades
 - Level 1.7 Throwing
 + Level 0.5 Armour
 - Level 0.7 Dodging
 + Level 7.2 Stealth


You had 6 spell levels left.
You didn't know any spells.
Your spell library was empty.

Dungeon Overview and Level Annotations

Branches:
Dungeon (4/15)
 Temple: D:4-7

Altars:
Nemelex Xobeh

Shops:
D:1 *


Innate Abilities, Weirdness & Mutations

You have extremely sharp teeth.
Your natural rate of healing is unusually fast.
When hurt, damage is shared between your health and your magic reserves.
Your bite disrupts and absorbs the magic of your enemies.
Potions cannot restore your health.


Message History

Your +0 short sword of holy wrath softly glows with a divine radiance!
i - a +0 short sword of holy wrath (weapon)
You aren't carrying any items that you can evoke.
The wight barely misses you. The wight barely misses you.
You hit the wight.
The wight convulses.
The wight is lightly damaged.
The wight closely misses you.
You barely miss the wight. Your bite misses the wight.
The wight is lightly damaged.
The wight hits you with a +4 halberd! You partially resist.
You feel drained.
You barely miss the wight. Your bite misses the wight.
The wight is lightly damaged.
The wight hits you with a +4 halberd! You partially resist.
You feel drained.
You barely miss the wight.
The wight is lightly damaged.
The wight barely misses you. The wight closely misses you.
The wight barely misses you.
You hit the wight.
The wight convulses.
Your bite misses the wight.
The wight is moderately damaged.
The wight hits you with a +4 halberd!
You hit the wight but do no damage.
The wight is moderately damaged.
The wight barely misses you.
You hit the wight.
The wight convulses.
The wight is heavily damaged.
The wight hits you with a +4 halberd. You partially resist.
You feel drained.
You hit the wight.
The wight convulses.
You destroy the wight!
Your life force feels restored.
You have reached level 7!
You hit the wight but do no damage. You bite the wight, but do no damage.
You hit the wight but do no damage. You bite the wight, but do no damage.
The wight hits you with a +0 scimitar! You partially resist.
You feel drained.
You hit the wight but do no damage.
The wight hits you from afar with a +4 halberd of freezing!
The wight freezes you. The wight barely misses you.
The wight attacks as you move away! The wight hits you with a +0 scimitar!
You die...

#.######## #########.#..[.
#...zz...# #.........#....
########.# #.#######......
#.# #.#...([....... #z#
#.#.#####[)..). #z# #.#.#
##).... #.# #...# ##....
#.######..# #.#.#
#.zz@..#..# #.#.#
######.#..#######...>
#.........).....
###...#######... #...# ***
*#.* ****#...#**,** *,*
*,,,....#*,*,***,,
*********,**#.#.#,***,,,,,
*,,,,,,**,**#....*,*,*,,,,


You could see 2 wights.

Vanquished Creatures
  Menkaure (D:4)
  An ogre (D:3)
  A wight (D:4)
  A jelly (D:4)
  An orc priest (D:4)
  An iguana (D:4)
  An orc wizard (D:4)
  3 adders
  An ufetubus (D:4)
  2 worms
  5 orcs (D:4)
  2 ball pythons
  5 bats
  5 endoplasms
  2 giant cockroaches (D:1)
  3 hobgoblins
  3 jackals (D:2)
  A quokka (D:2)
  11 frilled lizards
  6 goblins
  5 kobolds
  4 rats
65 creatures vanquished.

Notes
Turn   | Place    | Note
-------+----------+-------------------------------------------
     0 | D:1      | zishaf the Vine Stalker Brigand began the quest for the
                  | Orb.
     0 | D:1      | Reached XP level 1. HP: 11/11 MP: 2/2
    65 | D:1      | Reached skill level 5 in Stealth
   423 | D:1      | Reached XP level 2. HP: 15/15 MP: 3/3
   514 | D:1      | Found Liunn's Assorted Antiques.
   951 | D:1      | Reached XP level 3. HP: 13/18 MP: 4/4
  1259 | D:2      | You fall into a shaft and drop 1 floor!
  1463 | D:2      | Gained mutation: Your natural rate of healing is unusually
                  | fast. [Vine Stalker growth]
  1463 | D:2      | Reached XP level 4. HP: 21/23 MP: 5/5
  1560 | D:2      | Found a faded altar of an unknown god.
  1942 | D:3      | Found a sparkling altar of Nemelex Xobeh.
  2346 | D:3      | Noticed an ogre
  2366 | D:3      | Killed an ogre
  2367 | D:3      | Reached skill level 6 in Stealth
  2367 | D:3      | Reached XP level 5. HP: 28/28 MP: 6/6
  2635 | D:4      | Reached XP level 6. HP: 21/32 MP: 2/7
  2644 | D:4      | Noticed Menkaure
  2728 | D:4      | Killed Menkaure
  2729 | D:4      | Reached skill level 7 in Stealth
  2997 | D:4      | Reached XP level 7. HP: 29/37 MP: 3/8
  3000 | D:4      | Slain by a wight

Illustrated notes

Levels and vault maps discovered:
D:1:      dpeg_arrival_orchard, layout_rooms, serial_shops,
          nicolae_diamond_shop, minivault_4, minmay_pentomino_z4
D:2:      layout_loops_cross, shapermc_ecumenical_altar_ellora,
          minmay_lizard_pond
D:3:      layout_loops_ring, mainiacjoe_overflow_surrounded_room
D:4:      layout_loops_ring, tgw_trog, uniq_menkaure

Skill      XL: |  1  2  3  4  5  6 |
---------------+-------------------+-----
Short Blades   | 2 3 4 |  4.1
Stealth        | 5 6 7 |  7.2
Fighting       | 2 3 4 |  4.0
Throwing       | |  1.7
Armour         | |  0.5
Dodging        | |  0.7

Action                   |  1- 3 |  4- 6 |  7- 9 || total
-------------------------+-------+-------+-------++-------
Melee: Dagger            |    76 |    78 |       ||   154
       Bite              |    22 |    29 |     2 ||    53
       Punch             |     1 |       |       ||     1
       Short sword       |       |    17 |     3 ||    20
 Fire: Hunting sling     |    15 |    10 |       ||    25
Throw: Dart              |       |     4 |       ||     4
  Use: Scroll            |       |     8 |       ||     8
 Stab: Sleeping          |     2 |     4 |       ||     6
Armor: Robe              |     7 |    12 |       ||    19
       Leather armour    |    17 |     2 |       ||    19
Dodge: Dodged            |    47 |    46 |     1 ||    94

Table legend: (Time is in decaauts)
 A = Elapsed time spent in this place.
 B = Non-inter-level travel time spent in this place.
 C = Inter-level travel time spent in this place.
 D = Time resting spent in this place.
 E = Time spent auto-exploring this place.
 F = Levels seen in this place.
 G = Mean time per level.
                   A        B        C        D        E       F      G
               +--------+--------+--------+--------+--------+-----+--------+
         Total |   2985 |   2815 |    170 |    537 |   1625 |   4 |  746.2 |
       Dungeon |   2985 |   2815 |    170 |    537 |   1625 |   4 |  746.2 |
               +--------+--------+--------+--------+--------+-----+--------+

Top non-repeatable levels by time:
     D:1: 949 daAuts
     D:2: 895 daAuts
     D:3: 657 daAuts
     D:4: 482 daAuts
